 Dungeon Crawl Stone Soup version 0.20.1-1-g8b1a95d (webtiles) character file.

42 Folque the Magician (level 3, -8/24 HPs)
             Began as an Octopode Wizard on Dec 6, 2017.
             Mangled by Sigmund
             ... wielding a +2 scythe of protection
              (15 damage)
             ... on level 2 of the Dungeon.
             The game lasted 00:05:24 (2434 turns).

Folque the Magician (Octopode Wizard)               Turns: 2434, Time: 00:05:25

Health: -8/24      AC:  1    Str:  5 (6)  XL:     3   Next: 54%
Magic:  3/7        EV: 13    Int: 20 (21) God:
Gold:   82         SH:  0    Dex:  9 (10) Spells: 0/8 levels left

rFire    . . .     SeeInvis .   l - +0 falchion
rCold    . . .     Gourm    .   (no shield)
rNeg     . . .     Faith    .   a - +0 hat
rPois    .         Spirit   .   (no amulet)
rElec    .         Reflect  .   (no ring)
rCorr    .         Harm     .   (no ring)
MR       .....                  (no ring)
Stlth    ++........             (no ring)
Regen    0.1/turn               (no ring)
MPRegen  0.1/turn               (no ring)
                                (no ring)
                                (no ring)

@: confused, very slightly contaminated
A: almost no armour, stealthy swim, amphibious, 8 rings, constrict 8, camouflage
1, gelatinous body 1
a: no special abilities


You were on level 2 of the Dungeon.
You were not hungry.

You visited 1 branch of the dungeon, and saw 2 of its levels.

You collected 82 gold pieces.

Inventory:

Hand Weapons
 e - a +0 whip
 i - a +0 short sword
 l - a +0 falchion (weapon)
Armour
 a - a +0 hat (worn)
 o - a +0 shield
Scrolls
 d - 2 scrolls of teleportation
 g - a scroll of noise {unknown}
 j - a scroll of identify {unknown}
Potions
 h - a potion of haste {unknown}
 n - a potion of heal wounds {unknown}
Books
 b - a book of Minor Magic

   Spells                             Type                      Level
   a - Magic Dart                     Conjuration                  1
   b - Blink                          Translocation                2
   c - Call Imp                       Summoning                    2
   d - Slow                           Hexes                        2
   e - Conjure Flame                  Conjuration/Fire             3
   f - Mephitic Cloud                 Conjuration/Poison/Air       3
Comestibles
 c - a bread ration
 k - 4 fruits
 m - a chunk of flesh


   Skills:
 - Level 2.0 Fighting
 - Level 2.0 Dodging
 - Level 2.6 Stealth
 + Level 3.3 Spellcasting
 + Level 1.3 Conjurations
 - Level 1.0 Summonings
 - Level 1.0 Translocations
 * Level 1.2 Poison Magic


You couldn't memorise any spells.
You knew the following spells:

 Your Spells              Type           Power        Failure   Level  Hunger
a - Magic Dart            Conj           #...         9%          1    None
b - Call Imp              Summ           #.......     14%         2    ##.....
c - Blink                 Tloc           N/A          14%         2    ##.....
d - Mephitic Cloud        Conj/Pois/Air  #.......     28%         3    ###....


Dungeon Overview and Level Annotations

Branches:
Dungeon (2/15)

Altars:
Okawaru

Annotations:
D:2 Sigmund


Innate Abilities, Weirdness & Mutations

You cannot wear most types of armour.
You are very stealthy in the water. (Stealth+)
You are amphibious.
You can wear up to eight rings at the same time.
You can use your tentacles to constrict eight enemies at once.
Your skin changes colour to match your surroundings (Stealth+).
Your rubbery body absorbs attacks. (AC +1, EV +1)


Message History

Nothing appears to happen.
Something barely misses you.
Casting: Mephitic Cloud
Confirm with . or Enter, or press ? or * to list all spells.
You don't have enough magic to cast that spell.
You barely miss something. Something barely misses you.
You hit something but do no damage. Something hits you!
You hit something but do no damage. Your squeeze misses something.
You hear some strange, mumbled words.
Something tries to affect you, but you resist.
You hit something but do no damage.
You hear some strange, mumbled words.
You are confused.
Something hits you!
* * * LOW HITPOINT WARNING * * *
It was a potion of degeneration.
There was something very wrong with that liquid.
You feel weakened.
You feel dopey.
You feel clumsy. Something hits you!
Ouch! That really hurt!
You die...

#..... ### .## ####.#
#.. ..# #... #.##..#
#..#. #.#...# #.. .
#...#.# #.# # #.....#
#.## ##..%..# #..##
####.@.###########...#
+.....................
####{..###########...#
##..# ##...## ##.#
##.#.#.# ..# #.##.##.
.## ##.#.#.# #.
##...## #. ##.##


There were no monsters in sight!

Vanquished Creatures
  A dart slug (D:1)
  2 giant cockroaches
  6 hobgoblins
  2 jackals (D:1)
  5 bats
  2 frilled lizards
  3 goblins
  6 kobolds
  7 rats
34 creatures vanquished.

Vanquished Creatures (collateral kills)
  An adder (D:1)
1 creature vanquished.

Grand Total: 35 creatures vanquished

Notes
Turn   | Place    | Note
-------+----------+-------------------------------------------
     0 | D:1      | Folque the Octopode Wizard began the quest for the Orb.
     0 | D:1      | Reached XP level 1. HP: 11/11 MP: 4/4
    39 | D:1      | Reached skill level 1 in Fighting
   484 | D:1      | Reached XP level 2. HP: 13/18 MP: 6/6
   889 | D:1      | Found an iron altar of Okawaru.
  1464 | D:1      | Learned a level 2 spell: Call Imp
  1467 | D:1      | Learned a level 2 spell: Blink
  1601 | D:1      | Reached XP level 3. HP: 24/24 MP: 7/7
  1606 | D:1      | Learned a level 3 spell: Mephitic Cloud
  2050 | D:2      | Reached skill level 1 in Poison Magic
  2416 | D:2      | Noticed Sigmund
  2434 | D:2      | Mangled by Sigmund

Skill      XL: |  1  2  3 |
---------------+----------+-----
Fighting       | 1 2 |  2.0
Poison Magic   | 1 |  1.2
Dodging        | |  2.0
Stealth        | |  2.6
Spellcasting   | |  3.3
Conjurations   | |  1.3
Summonings     | |  1.0
Translocations | |  1.0

Action                   || total
-------------------------++-------
Melee: Unarmed           ||    15
       Whip              ||     6
       Constrict         ||    22
       Tentacles         ||     9
       Short sword       ||    23
       Falchion          ||    42
 Cast: Magic Dart        ||     7
       Mephitic Cloud    ||     1
       Call Imp          ||     1
  Use: Scroll            ||     2
       Potion            ||     1
 Stab: Sleeping          ||    10
       Distracted        ||     1
  Eat: Chunk             ||     5
Armor: Skin              ||     8
Dodge: Dodged            ||    54
       Rpst.: Falchion   ||     6
